Map: Acropolis LE

Players

Bly - Winner!

  • Race: Zerg Zerg
  • Spawn Location: 5:00

RiSky

  • Race: Zerg Zerg
  • Spawn Location: 11:00

Event: 2019 WCS Summer

VOD

Have the link to the VOD?

Description

Time

  • Played on: July 12, 2019, 7:11 a.m.
  • Length: 15:20

All games in this series

Show
View Real Time Build Order
Export as new Build Order

Bly Zerg - Winner!

Build Orders: Hatch First 

Get SALT Encoding   

  12  0:01  Drone  
  13  0:13  Overlord  
  13  0:16  Drone  
  14  0:31  Drone x2  
  16  0:47  Hatchery  
  15  0:50  Drone  
  15  0:54  Drone  
  17  0:59  Drone  
  18  1:08  Extractor  
  17  1:12  Spawning Pool  
  17  1:17  Drone  
  17  1:19  Drone  
  18  1:28  Drone  
  19  1:39  Drone  
  20  1:51  Overlord  
  20  1:59  Queen x2  
  20  2:00  Zergling x4  
  26  2:10  Drone  
  26  2:11  Drone  
  28  2:21  Drone  
  29  2:26  Drone  
  30  2:34  Drone x2  
  30  2:35  Queen  
  34  2:41  Overlord  
  34  2:43  Lair  
  34  2:45  Drone  
  34  2:51  Evolution Chamber  
  34  2:58  Drone x2  
  36  3:08  Drone  
  36  3:09  Drone x6  
  41  3:21  Roach Warren  
  41  3:23  Zerg Missile Weapons Level 1  
  41  3:26  Extractor  
  39  3:27  Extractor  
  39  3:34  Drone x5  
  39  3:38  Extractor  
  42  3:42  Overlord  
  42  3:43  Drone x2  
  44  3:52  Evolution Chamber  
  43  4:00  Glial Reconstitution  
  43  4:02  Drone x3  
  46  4:05  Drone x3  
  49  4:12  Drone x3  
  49  4:16  Spire  
  51  4:18  Overlord  
  51  4:20  Overlord  
  51  4:33  Overlord  
  51  4:37  Roach x2  
  55  4:39  Roach  
  55  4:40  Roach x3  
  63  4:50  Roach x2  
  63  4:51  Overlord  
  67  4:53  Overlord  
  67  5:10  Hatchery  
  66  5:31  Mutalisk x3  
  66  5:32  Mutalisk x3  
  66  5:33  Drone x4  
  82  5:39  Overlord  
  82  5:40  Zerg Flyer Weapons Level 1  
  82  5:42  Overlord  
  82  5:54  Mutalisk x2  
  78  6:06  Drone x5  
  75  6:12  Roach x5  
  85  6:23  Extractor  
  85  6:24  Extractor  
  83  6:28  Roach x6  
  83  6:30  Overseer  
  95  6:38  Zerg Missile Weapons Level 2  
  95  6:39  Overlord  
  95  6:40  Drone x5  
  95  6:45  Overlord  
  100  6:49  Overlord  
  100  6:51  Overlord  
  100  7:02  Roach x5, Overlord  
  110  7:10  Overlord  
  110  7:18  Hatchery  
  101  7:29  Mutalisk x6  
  99  7:37  Mutalisk  
  99  7:39  Drone x7  
  108  7:44  Overlord  
  108  7:51  Mutalisk x3  
  108  7:54  Drone x3  
  108  7:56  Overlord  
  111  8:14  Roach x9  
  111  8:18  Roach x2  
  129  8:32  Roach x7  
  143  8:44  Mutalisk x4  
  143  8:46  Overlord  
  151  9:00  Zerg Flyer Weapons Level 2  
  151  9:03  Extractor  
  151  9:09  Mutalisk x2  
  154  9:15  Extractor  
  153  9:29  Baneling Nest  
  146  9:42  Drone x3  
  149  9:48  Mutalisk x7  
  163  10:03  Zerg Melee Weapons Level 1  
  163  10:04  Zergling x2, Hatchery  
  163  10:05  Zergling x36  
  163  10:06  Metabolic Boost  
  179  10:08  Overseer  
  178  10:41  Overlord x2  
  178  10:42  Centrifical Hooks  
  176  10:43  Mutalisk x4  
  176  10:44  Overlord  
  176  10:47  Baneling x5  
  176  10:48  Baneling x12  
  176  10:49  Overlord  
  182  11:02  Infestation Pit  
  179  11:13  Baneling x18  
  179  11:15  Baneling  
  175  11:24  Roach  
  175  11:25  Roach x8  
  193  11:29  Overlord  
  152  11:48  Hive  
  152  11:49  Hydralisk Den  
  152  11:50  Roach x13  
  177  11:54  Overseer  
  174  12:17  Zergling x30  
  187  12:23  Ravager  
  187  12:24  Spine Crawler  
  187  12:26  Spine Crawler  
  187  12:27  Spine Crawler  
  187  12:28  Overseer, Spine Crawler  
  162  12:40  Ravager x6  
  162  12:41  Ravager x3  
  162  12:44  Overseer  
  171  12:47  Overseer  
  171  12:50  Overseer  
  148  13:27  Muscular Augments  
  148  13:33  Overseer  
  149  13:41  Ravager x3  
  149  13:42  Spine Crawler, Roach x16  
  149  13:47  Hatchery  
  177  14:09  Swarm Host  
  170  14:10  Roach x8  
  184  14:23  Roach x5  
  187  14:32  Pneumatized Carapace  
  187  14:33  Overseer  
  187  14:42  Roach x5  
  172  14:53  Roach x4  
  172  14:59  Roach x2  
  155  15:01  Overseer  
Show
View Real Time Build Order
Export as new Build Order

RiSky Zerg 

Build Orders: Hatch First, Roach Hydra 

Get SALT Encoding   

  12  0:00  Drone  
  13  0:12  Overlord  
  13  0:16  Drone  
  14  0:30  Drone x2  
  16  0:47  Hatchery  
  15  0:50  Drone  
  15  0:54  Drone  
  17  0:58  Drone  
  18  1:08  Extractor  
  17  1:16  Drone  
  17  1:17  Spawning Pool  
  17  1:19  Drone  
  18  1:27  Drone  
  19  1:39  Drone  
  20  1:48  Overlord  
  20  2:03  Queen x2  
  20  2:07  Zergling x2  
  25  2:08  Metabolic Boost  
  25  2:10  Drone x2  
  27  2:20  Zergling x2  
  28  2:24  Drone  
  29  2:31  Zergling x2  
  29  2:36  Zergling x2, Hatchery  
  30  2:43  Overlord  
  30  2:46  Drone  
  30  2:50  Baneling Nest  
  30  2:53  Drone  
  30  2:57  Drone  
  32  3:03  Drone  
  33  3:10  Drone  
  34  3:17  Drone x2  
  34  3:19  Drone x2  
  36  3:21  Drone x2  
  36  3:22  Evolution Chamber  
  36  3:23  Lair  
  38  3:27  Zergling x4  
  38  3:33  Drone  
  41  3:34  Drone  
  41  3:39  Roach Warren  
  41  3:43  Drone  
  41  3:47  Overlord  
  42  3:49  Drone  
  42  3:51  Drone x2, Extractor  
  42  3:52  Extractor  
  42  3:54  Zerg Missile Weapons Level 1  
  43  3:56  Drone  
  43  4:00  Drone x2  
  46  4:03  Drone x2  
  46  4:06  Drone  
  46  4:07  Drone  
  46  4:09  Overlord  
  50  4:15  Drone  
  51  4:17  Queen  
  51  4:19  Drone  
  51  4:22  Glial Reconstitution  
  54  4:25  Drone  
  54  4:26  Drone  
  54  4:30  Drone x2  
  60  4:38  Roach x3  
  60  4:39  Roach  
  65  4:47  Queen  
  65  4:50  Overlord  
  65  4:52  Overlord  
  65  4:55  Overseer  
  65  5:03  Overlord  
  65  5:06  Queen  
  66  5:07  Queen  
  66  5:09  Drone  
  66  5:10  Drone x4  
  66  5:11  Drone x3  
  66  5:14  Drone  
  77  5:17  Overlord  
  77  5:18  Drone  
  78  5:22  Queen  
  78  5:25  Drone x2  
  78  5:27  Drone  
  83  5:29  Drone  
  83  5:32  Overlord x2  
  83  5:35  Overlord  
  84  5:38  Spore Crawler  
  84  5:40  Spore Crawler  
  82  5:43  Spore Crawler  
  82  5:48  Queen, Spore Crawler  
  80  5:51  Roach x3  
  80  5:55  Roach x2  
  87  6:02  Queen  
  85  6:10  Queen  
  85  6:18  Drone x5  
  88  6:20  Drone  
  90  6:27  Spore Crawler  
  90  6:29  Queen  
  90  6:31  Spore Crawler  
  90  6:32  Drone  
  91  6:33  Drone  
  91  6:36  Hydralisk Den  
  91  6:37  Drone  
  91  6:38  Queen, Zerg Missile Weapons Level 2  
  94  6:43  Spore Crawler  
  94  6:44  Drone  
  94  6:46  Drone x2  
  96  6:53  Drone  
  97  6:56  Drone x4  
  97  6:57  Drone  
  97  6:59  Overlord  
  101  7:02  Spore Crawler  
  101  7:03  Overlord  
  100  7:10  Overlord  
  100  7:14  Extractor  
  100  7:15  Extractor  
  98  7:17  Queen  
  98  7:19  Roach x3  
  98  7:20  Queen x2  
  98  7:21  Roach  
  106  7:23  Roach x3  
  104  7:32  Roach x2  
  104  7:33  Roach  
  104  7:36  Roach x3  
  115  7:39  Extractor  
  115  7:40  Lurker Den  
  113  7:45  Roach x3  
  113  7:50  Roach  
  121  7:51  Overlord x3  
  121  7:56  Overlord x2  
  121  8:05  Queen  
  121  8:07  Overlord  
  121  8:08  Overlord  
  121  8:09  Queen  
  121  8:10  Overlord  
  121  8:11  Overlord  
  123  8:13  Overlord  
  123  8:16  Drone x4  
  127  8:21  Drone  
  127  8:22  Drone  
  127  8:24  Queen  
  127  8:27  Grooved Spines  
  127  8:31  Hydralisk x2  
  131  8:37  Spore Crawler  
  131  8:38  Hydralisk  
  131  8:39  Infestation Pit  
  131  8:41  Queen  
  123  8:42  Hydralisk x2  
  123  8:44  Hydralisk  
  127  8:52  Hydralisk, Roach Warren  
  128  8:57  Hydralisk x3  
  134  9:04  Hydralisk x2  
  134  9:06  Hydralisk  
  140  9:13  Zerg Ground Armor Level 1  
  140  9:19  Hive  
  138  9:37  Roach x3  
  134  9:38  Muscular Augments  
  134  9:39  Roach x3  
  139  9:47  Roach x3  
  139  9:48  Hydralisk x3  
  139  9:50  Lurker x2  
  151  9:57  Hydralisk x2  
  150  10:04  Hydralisk x2  
  154  10:07  Hatchery  
  154  10:08  Overlord  
  153  10:17  Tunneling Claws  
  153  10:19  Burrow  
  153  10:22  Overlord  
  153  10:26  Spore Crawler  
  152  10:30  Roach x5  
  158  10:38  Hatchery  
  158  10:41  Viper, Spawning Pool  
  159  10:51  Viper  
  162  11:02  Viper  
  165  11:16  Hatchery  
  164  11:23  Extractor  
  160  11:32  Roach x11  
  160  11:36  Hydralisk x5  
  160  11:37  Hydralisk x2  
  160  11:39  Queen x2  
  143  11:42  Queen  
  143  11:45  Hydralisk x2  
  134  11:49  Hydralisk  
  134  11:50  Roach x11  
  134  11:53  Hatchery  
  135  11:58  Hydralisk x2  
  133  12:05  Drone x3  
  133  12:07  Roach x4  
  133  12:08  Roach  
  146  12:09  Queen x5  
  146  12:10  Queen  
  146  12:12  Roach x3  
  146  12:15  Queen  
  147  12:21  Hatchery  
  146  12:23  Spore Crawler  
  146  12:26  Roach  
  146  12:27  Roach x2  
  143  12:30  Roach x2  
  143  12:34  Roach x5  
  143  12:35  Drone x2, Roach x2  
  149  12:40  Spore Crawler  
  148  12:47  Hydralisk x2  
  148  12:48  Roach x2  
  152  12:52  Lurker Den  
  152  12:54  Roach  
  149  13:08  Roach x2  
  149  13:12  Drone x5  
  144  13:19  Viper  
  139  13:29  Hydralisk x2  
  139  13:32  Viper  
  146  13:39  Drone  
  146  13:40  Drone  
  148  13:42  Roach  
  148  13:43  Roach  
  148  13:44  Roach x3  
  148  14:00  Roach x7  
  158  14:05  Roach x2  
  154  14:17  Roach  
  154  14:18  Roach x3  
  154  14:20  Roach x3  
  152  14:25  Roach x3  
  152  14:26  Roach  
  152  14:30  Roach x3  
  160  14:32  Roach  
  160  14:35  Roach x2  
  160  14:38  Roach  
  164  14:43  Roach x2  
  152  14:47  Roach  
Tags
 
Add a new tag
Caveats
  • Supply blocks, unpowered buildings, or Contaminate may cause inaccurate times.
  • Supply counts are checked every 10 seconds.